Selects Heavy Armor Battlegroup
Construct Section Command Post
Construct Platoon Command Post
Selects Engineer Detachments
Selects Light Vehicle Withdraw and Refit
Light Vehicle Withdraw and Refit
6-pounder Anti-tank Gun Team
Light Vehicle Withdraw and Refit
Construct Field Infirmary
Construct Company Command Post
Selects Crusader AA Medium Tank
Selects UNKNOWN (2162094)
Unlock Bishop Self-propelled Artillery
Bishop Self-propelled Artillery
Bishop Self-propelled Artillery
Bishop Self-propelled Artillery
6-pounder Anti-tank Gun Team